 Dungeon Crawl Stone Soup version 0.31-a0-232-gb1c03b2570 (webtiles) character file.

Game seed: 921075084340220827

126 qw the Shooter (level 5, -1/31 HPs)
             Began as a Gargoyle Hexslinger on July 7, 2023.
             Slain by an orc
             ... wielding a +0 mace
              (5 damage)
             ... on level 4 of the Dungeon.
             The game lasted 00:00:48 (2089 turns).

qw the Shooter (Gargoyle Hexslinger)                Turns: 2089, Time: 00:00:49

Health: -1/31      AC: 10    Str: 12    XL:     5   Next: 10%
Magic:  6/6        EV: 10    Int: 13    God:
Gold:   171        SH:  5    Dex: 14    Spells: 5/6 levels left

rFire   . . .        Y - +1 sling
rCold   . . .        (no shield)
rNeg    + . .        k - +0 ring mail
rPois   inf          (no helmet)
rElec   +            (no cloak)
rCorr   .            (no gloves)
SInv    .            n - +0 pair of boots
Will    .....        b - amulet of reflection
Stlth   +            (no ring)
HPRegen 0.25/turn    (no ring)
MPRegen 0.10/turn

%: reflection
@: no status effects
A: sickness immunity, AC +4, negative energy resistance 1, electricity
resistance, torment resistance 1, petrification resistance
a: no special abilities


You were on level 4 of the Dungeon.
You visited 1 branch of the dungeon, and saw 4 of its levels.

You collected 171 gold pieces.


Innate Abilities, Weirdness & Mutations

You are immune to sickness and miasma.
Your stone body is resilient. (AC +4)
You are immune to poison.
You resist negative energy. (rN+)
You are resistant to electric shocks. (rElec)
You are resistant to unholy torment.
You are immune to petrification.


   Skills:
 - Level 2.3 Fighting
 + Level 4.2 Ranged Weapons
 - Level 1.7 Armour
 - Level 1.5 Dodging
 - Level 1.0 Spellcasting
 - Level 2.6 Hexes


You had 5 spell levels left.
You knew the following spells:

 Your Spells              Type           Power      Damage    Failure   Level
a - Slow                  Hex            28%        N/A       21%         1

Your spell library contained the following spells:

 Spells                   Type           Power      Damage    Failure   Level
 Inner Flame              Hex/Fire       4%         N/A       71%         3
 Portal Projectile        Hex/Tloc       8%         N/A       71%         3
 Cause Fear               Hex            3%         N/A       90%         4

Inventory:

Hand Weapons
 Y - a +1 sling (weapon)
Armour
 f - the +1 ring mail of the Slorg {-Tele rCorr Str+4 Dex+5}
   (You found it on level 3 of the Dungeon)

   Str:       It affects your strength (+4).
   Dex:       It affects your dexterity (+5).
   -Tele:     It prevents most forms of teleportation.
   rCorr:     It protects you from acid and corrosion.
 k - a +0 ring mail (worn)
 n - a +0 pair of boots (worn)
Jewellery
 b - an amulet of reflection (around neck)
Scrolls
 a - a scroll of identify
Potions
 c - a potion of haste
 d - 4 potions of curing
 g - a potion of resistance
 i - a potion of ambrosia {unknown}
 j - 2 potions of attraction {unknown}

Dungeon Overview and Level Annotations

Branches:
Dungeon (4/15)
 Temple: D:4-7

Altars:


Message History

The sling bullet closely misses the adder.
The endoplasm quivers.
The adder bites you but does no damage. You block the adder's attack.
You shoot a sling bullet.
The sling bullet barely misses the adder.
You block the adder's attack. The adder misses you.
You shoot a sling bullet. The sling bullet misses the adder.
The sling bullet hits the ogre.
The ogre is lightly wounded.
You hear the slow hiss of an avalanche of sand very nearby.
The adder bites you but does no damage. The adder misses you.
You shoot a sling bullet.
The sling bullet closely misses the adder.
The sling bullet hits the ogre.
The ogre is heavily wounded.
The orc hits you but does no damage. The adder closely misses you.
You shoot a sling bullet. The sling bullet misses the adder.
The sling bullet hits the ogre.
The ogre is heavily wounded.
The adder bites you but does no damage. The orc misses you.
The adder barely misses you. The orc closely misses you.
The endoplasm closely misses you.
You shoot a sling bullet.
The sling bullet barely misses the ogre.
The adder barely misses you. You block the endoplasm's attack.
The ogre hits you with a +0 giant club!!
Ouch! That really hurt!
The orc hits you but does no damage. The adder bites you but does no damage.
You shoot a sling bullet. The sling bullet hits the ogre.
The ogre is almost dead.
The adder bites you but does no damage.
The endoplasm hits you but does no damage.
The orc closely misses you. The ogre closely misses you.
You shoot a sling bullet. The sling bullet hits the ogre.
The ogre is almost dead.
The adder bites you but does no damage. The endoplasm freezes you.
You are frozen.
The orc hits you but does no damage. The adder bites you but does no damage.
The orc hits you with a +0 mace.
You die...

#.....#####.#### ....
#..............# ...
#.....########.#
..####.#..#### #.#
#)..##.#.....#####.#
####...##.#.###....##.#
#......##.#.######.##.#
#....Jo##'#...........#
#....O@.....######.####
#....S.......# #<.#
#....##......# #..#
...... #..##### ####
##... ##.. #.#. #...
.... ###.. ##.. ###


You could see an ogre, an adder, an orc and an endoplasm.

Vanquished Creatures
  A sleepcap (D:3)
  5 adders
  2 worms
  A dart slug (D:3)
  5 bats
  6 endoplasms
  2 giant cockroaches (D:2)
  3 goblins
  6 hobgoblins
  A quokka (D:3)
  5 ball pythons
  A frilled lizard (D:3)
  3 kobolds
  6 rats
47 creatures vanquished.

Notes
Turn   | Place    | Note
-------+----------+-------------------------------------------
     0 | D:1      | qw the Gargoyle Hexslinger began the quest for the Orb.
     0 | D:1      | Reached XP level 1. HP: 12/12 MP: 2/2
     0 | D:1      | 0 ||| qw: Version: 0.3-a-46-gb1f654a
     0 | D:1      | 0 ||| qw: Game counter: 2924
     0 | D:1      | 0 ||| qw: Melee chars always use a shield: true
     0 | D:1      | 0 ||| qw: God list: Okawaru
     0 | D:1      | 0 ||| qw: Allow faded altars: false
     0 | D:1      | 0 ||| qw: Do Orc after clearing Dungeon:15 true
     0 | D:1      | 0 ||| qw: Do second Lair branch before Depths: true
     0 | D:1      | 0 ||| qw: Lair rune preference: random
     0 | D:1      | 0 ||| qw: Goals: Normal
     0 | D:1      | 0 ||| PLANNING D:1-11
   317 | D:1      | Reached XP level 2. HP: 16/16 MP: 3/3
   687 | D:1      | 687 ||| READING 2 scrolls labelled BYAPLI RAIRAM.
   688 | D:1      | 688 ||| READING scroll labelled XUACAJE PUTANE.
   693 | D:1      | 693 ||| DRINKING 3 glowing ruby potions.
   694 | D:1      | 694 ||| DROPPING scroll of poison.
   712 | D:2      | Reached skill level 3 in Ranged Weapons
   716 | D:2      | 716 ||| STAIRDANCE
   756 | D:2      | Reached XP level 3. HP: 22/22 MP: 4/4
   956 | D:2      | Reached XP level 4. HP: 26/27 MP: 5/5
  1070 | D:2      | Reached skill level 4 in Ranged Weapons
  1192 | D:2      | 1192 ||| UPGRADING to +0 ring mail.
  1202 | D:2      | 1202 ||| DROPPING +0 robe.
  1203 | D:2      | 1203 ||| UPGRADING to +0 pair of boots.
  1208 | D:2      | 1208 ||| UPGRADING to amulet of reflection.
  1213 | D:2      | 1213 ||| READING scroll labelled WEIREY BYOSUOD.
  1214 | D:2      | 1214 ||| READING scroll labelled WEBOES YRGHI.
  1215 | D:2      | 1215 ||| READING scroll labelled AFUIRA BEOD.
  1216 | D:2      | 1216 ||| DRINKING 2 black potions.
  1217 | D:2      | 1217 ||| READING 2 scrolls of identify.
  1217 | D:2      | 1217 ||| IDENTIFYING glowing pink potion
  1218 | D:2      | 1218 ||| DROPPING potion of brilliance.
  1323 | D:3      | HP: 3/27 [sleepcap (5)]
  1324 | D:3      | 1324 ||| DRINKING potion of heal wounds.
  1337 | D:3      | Reached skill level 1 in Armour
  1392 | D:3      | Identified the +1 ring mail of the Slorg {-Tele rCorr Str+4
                  | Dex+5}
  1411 | D:3      | Found a faded altar of an unknown god.
  1423 | D:3      | Reached XP level 5. HP: 31/31 MP: 6/6
  2002 | D:3      | 2002 ||| READING scroll labelled JEMOEME YGIRCH.
  2003 | D:3      | 2003 ||| READING scroll labelled ATTALE BYSKA.
  2004 | D:3      | 2004 ||| READING scroll labelled XISETY ZULU.
  2005 | D:3      | 2005 ||| DRINKING 2 amethyst potions.
  2006 | D:3      | 2006 ||| READING 2 scrolls of identify.
  2006 | D:3      | 2006 ||| IDENTIFYING emerald potion
  2037 | D:4      | 2037 ||| PLANNING OSSUARY
  2080 | D:4      | Noticed an ogre
  2087 | D:4      | HP: 6/31 [ogre/+0 giant club (25)]
  2089 | D:4      | Slain by an orc

Levels and vault maps discovered:
D:1:      minmay_arrival_stone_box, layout_loops_cross, minmay_hedge_maze,
          dreamdust_princess_corridor, nrook_campfire, nicolae_wormholes
D:2:      layout_rooms, minmay_fountain_box, bh_walls_and_bars
D:3:      layout_loops_ring, nicolae_ecumenical_snake_handling
D:4:      layout_basic, evilmike_ruin_ashenzari, trog_hazing_becter,
          enter_ossuary_2, serial_curves, eino_curves_04, eino_curves_03,
          uniq_natasha

Skill      XL: |  1  2  3  4 |
---------------+-------------+-----
Ranged Weapons | 3 4 |  4.2
Fighting       | 2 |  2.3
Armour         | 1 |  1.7
Dodging        | |  1.5
Spellcasting   | |  1.0
Hexes          | |  2.6

Action                     |  1- 3 |  4- 6 || total
---------------------------+-------+-------++-------
   Fire: Sling             |    90 |    89 ||   179
    Use: Scroll            |     2 |     8 ||    10
         Potion            |     1 |     3 ||     4
 Armour: Robe              |    12 |     9 ||    21
         Ring mail         |       |    20 ||    20
  Dodge: Dodged            |    29 |    29 ||    58
  Block: Other             |       |     8 ||     8
         Reflection        |       |     1 ||     1

Table legend:
 A = Non-vault XP
 B = Vault XP
 C = Vault XP percentage of total XP
 D = Non-vault monster count
 E = Vault monster count
 F = Vault count percentage of total count
                 A         B        C        D         E       F
            +---------+---------+-------+---------+---------+-------
      Total |     168 |      13 |   7.2 |      43 |       4 |   8.5
            +---------+---------+-------+---------+---------+-------
        D:1 |      26 |       5 |  16.1 |       8 |       1 |  11.1
        D:2 |      80 |       5 |   5.9 |      20 |       1 |   4.8
        D:3 |      59 |       3 |   4.8 |      13 |       2 |  13.3
        D:4 |       3 |       0 |   0.0 |       2 |       0 |   0.0
            +---------+---------+-------+---------+---------+-------
